 Dungeon Crawl Stone Soup version 0.28-a0-1555-g9ae15a6949 (webtiles) character file.

Game seed: 7374831122097711748

20 HallandMoats the Skirmisher (level 2, -1/24 HPs)
             Began as a Ghoul Monk on Jan 18, 2022.
             Was a Believer of Hepliaklqana.
             Slain by an adder (3 damage)
             ... on level 2 of the Dungeon.
             The game lasted 00:01:06 (562 turns).

HallandMoats the Skirmisher (Ghoul Monk)             Turns: 562, Time: 00:01:06

Health: -1/24      AC:  2    Str: 14    XL:     2   Next: 79%
Magic:  1/1        EV: 12    Int:  5    God:    Hepliaklqana [**....]
Gold:   28         SH:  0    Dex: 11    Spells: 1/1 levels left

rFire   . . .      SeeInvis .   a - +0 hand axe
rCold   + . .      Faith    .   (no shield)
rNeg    + + +      Spirit   .   b - +0 robe
rPois   ∞          Reflect  .   (no helmet)
rElec   .          Harm     .   (no cloak)
rCorr   .          Rampage  .   (no gloves)
Will    .....                   (no boots)
Stlth   ++........              (no amulet)
HPRegen 0.00/turn               (no ring)
MPRegen 0.07/turn               (no ring)

@: inhibited regen
A: reduced essence, claws 1, cold resistance 1, negative energy resistance 3,
inhibited regeneration, torment resistance 2
a: Renounce Religion, Recall Ancestor, Ancestor Identity


You were on level 2 of the Dungeon.
You worshipped Hepliaklqana.
Hepliaklqana was pleased with you.
You visited 1 branch of the dungeon, and saw 2 of its levels.

You collected 28 gold pieces.

Inventory:

Hand Weapons
 a - a +0 hand axe (weapon)
Armour
 b - a +0 robe (worn)
Scrolls
 d - a scroll of identify {unknown}
 e - 2 scrolls of noise {unknown}
 f - a scroll of blinking {unknown}
 g - a scroll of amnesia {unknown}
Potions
 c - a potion of ambrosia {unknown}
 h - a potion of curing {unknown}


   Skills:
 * Level 3.6 Fighting
 * Level 3.0 Axes
 + Level 0.5 Armour
 + Level 2.8 Dodging
 - Level 2.1 Stealth


You had one spell level left.
You didn't know any spells.
Your spell library was empty.

Dungeon Overview and Level Annotations

Branches:
Dungeon (2/15)

Altars:
Hepliaklqana


Innate Abilities, Weirdness & Mutations

Your life essence is reduced to manifest your ancestor. (-10% HP)
You thrive by killing the living.
You are immune to poison.
You have sharp fingernails.
Your flesh is cold resistant. (rC+)
You are immune to negative energy. (rN+++)
You do not regenerate when monsters are visible.
You are immune to unholy pain and torment.


Message History

What are your orders? t - Shout!
Orders for allies: a - Attack new target. r - Retreat! s - Stop attacking. g - Guard the area. f - Follow me.
Anything else - Cancel.
Gang up on whom?
Press: ? - help, Dir - move target, f - kobold
Aim: a kobold, wielding a +1 short sword of venom and quivering stones (severely wounded, unaware, hasn't noticed you) Attack!
The kobold throws a stone.
The stone hits you.
* * * LOW HITPOINT WARNING * * *
The kobold throws a stone.
The stone barely misses you.
The kobold throws a stone.
The stone hits you but does no damage.
You enter the shallow water.
Moving in this stuff is going to be slow.
The kobold throws a stone.
The stone completely misses you.
The kobold throws a stone.
The stone barely misses you.
The kobold throws a stone.
The stone misses you.
There is a stone staircase leading down here.
You start resting.
A kobold is nearby!
The kobold throws a stone.
The stone hits you.
* * * LOW HITPOINT WARNING * * *
You climb downwards.
The kobold shouts!
The goblin shouts!
You hear an angry hiss.
Found a leather armour.
There is a stone staircase leading up here.
You slash the goblin!
You kill the goblin!
A hound skeleton comes into view.
The hound skeleton moves out of view.
Things that are here:
a +0 club; a +0 hunting sling; 13 stones You closely miss the kobold.
The kobold barely misses you.
An adder comes into view.
You barely miss the kobold. The kobold hits you with a +0 club.
* * * LOW HITPOINT WARNING * * *
You closely miss the kobold. You miss the adder. The adder bites you.
You die...

#....
#....
....
...
#[.
#..##
#..#
#.K#
#.@#
#.S#
#...
#.##.
#. ..
#. ..
#.
...
#.
...


You could see an adder and a kobold.

Vanquished Creatures
  An endoplasm (D:1)
  2 goblins
  4 hobgoblins (D:1)
  3 jackals (D:1)
  A kobold (D:1)
  A ball python (D:1)
  A frilled lizard (D:1)
  A rat (D:1)
14 creatures vanquished.

Vanquished Creatures (collateral kills)
  A giant cockroach (D:1)
  A jackal (D:1)
2 creatures vanquished.

Vanquished Creatures (others)
  A hexer (D:1)
1 creature vanquished.

Grand Total: 17 creatures vanquished

Notes
Turn   | Place    | Note
-------+----------+-------------------------------------------
     0 | D:1      | HallandMoats the Ghoul Monk began the quest for the Orb.
     0 | D:1      | Reached XP level 1. HP: 19/19 MP: 0/0
   291 | D:1      | Reached XP level 2. HP: 25/26 MP: 1/1
   311 | D:1      | Found a faded altar of an unknown god.
   341 | D:1      | Prayed at the altar of an unknown god.
   341 | D:1      | Became a worshipper of Hepliaklqana the Forgotten
   341 | D:1      | Reached * piety under Hepliaklqana
   341 | D:1      | Reached ** piety under Hepliaklqana
   342 | D:1      | Remembered your ancestor Cynebald as a hexer
   562 | D:2      | Slain by an adder

Illustrated notes

Levels and vault maps discovered:
D:1:      psy_arrival_radial02, layout_loops_corners,
          shapermc_ecumenical_altar_mp_vishouse
D:2:      layout_rooms, basic_altar

Skill      XL: |  1  2 |
---------------+-------+-----
Axes           | 3 |  3.0
Fighting       | |  3.6
Armour         | |  0.5
Dodging        | |  2.8
Stealth        | |  2.1

Action                   || total
-------------------------++-------
Melee: Hand axe          ||    49
Invok: Ancestor Life: He ||     1
 Stab: Sleeping          ||     1
Armor: Robe              ||     8
Dodge: Dodged            ||    41

Table legend: (Time is in decaauts)
 A = Elapsed time spent in this place.
 B = Non-inter-level travel time spent in this place.
 C = Inter-level travel time spent in this place.
 D = Time resting spent in this place.
 E = Time spent auto-exploring this place.
 F = Levels seen in this place.
 G = Mean time per level.
                   A        B        C        D        E       F      G
               +--------+--------+--------+--------+--------+-----+--------+
         Total |    571 |    571 |      0 |      4 |    401 |   2 |  285.5 |
       Dungeon |    571 |    571 |      0 |      4 |    401 |   2 |  285.5 |
               +--------+--------+--------+--------+--------+-----+--------+

Top non-repeatable levels by time:
     D:1: 566 daAuts
     D:2: 5 daAuts
